 Dungeon Crawl Stone Soup version 0.17.1-1-g73c8601 (webtiles) character file.

110 sphynx the Shield-Bearer (level 4, 0/41 HPs)
             Began as a Hill Orc Fighter on Jan 2, 2016.
             Succumbed to Sigmund's poison
             ... on level 3 of the Dungeon.
             The game lasted 00:22:05 (2361 turns).

sphynx the Shield-Bearer (Hill Orc Fighter)         Turns: 2361, Time: 00:22:05

Health: 0/41       AC: 15    Str: 24      XL:     4   Next: 91%
Magic:  4/4        EV:  8    Int:  8      God:
Gold:   117        SH:  9    Dex:  8 (10) Spells: 0 memorised, 3 levels left

rFire  . . .     SeeInvis .     a - +0 war axe
rCold  . . .     Clarity  .     e - +4 ring mail {rPois}
rNeg   . . .     SustAt   .     c - +0 shield
rPois  +         Gourm    .     (no helmet)
rElec  .         Spirit   .     (no cloak)
rCorr  .         Warding  .     (no gloves)
rMut   .         Stasis   .     (no boots)
MR     ++...                    (no amulet)
Stlth  ..........               s - ring of protection from magic
                                h - +4 ring of protection

@: mighty, lethally poisoned (0 -> -2), very resistant to hostile enchantments,
extremely unstealthy
A: yellow scales 1, magic resistance 1, mutation resistance 1
a: no special abilities


You were on level 3 of the Dungeon.
You were full.

You visited 1 branch of the dungeon, and saw 3 of its levels.

You collected 117 gold pieces.

Inventory:

Hand Weapons
 a - a +0 war axe (weapon)
Armour
 b - a +1 scale mail
 c - a +0 shield (worn)
 e - a +4 ring mail of poison resistance (worn)
 f - a +0 ring mail
 o - a +0 chain mail
Jewellery
 h - a +4 ring of protection (left hand)
 j - an uncursed ring of flight
 s - a ring of protection from magic (right hand)
Wands
 t - a wand of frost (24)
Scrolls
 g - a scroll of identify
 i - 2 scrolls of fog
 k - a scroll of remove curse
 m - a scroll of enchant armour
Potions
 n - a potion of degeneration
Comestibles
 r - a bread ration


   Skills:
 + Level 4.3 Fighting
 + Level 3.7 Axes
 - Level 3.7 Armour
 - Level 0.5 Dodging
 - Level 4.4 Shields


You had 3 spell levels left.
You didn't know any spells.

Dungeon Overview and Level Annotations

Branches:
Dungeon (3/15)

Altars:
Qazlal

Annotations:
D:3 Sigmund


Innate Abilities, Weirdness & Mutations

You are partially covered in yellow scales (AC +2).
You are resistant to hostile enchantments.
You are somewhat resistant to further mutation.


Message History

Okay, then.
* * * LOW HITPOINT WARNING * * *
You feel sick.
An orc comes into view. It is wielding a war axe.
* * * LOW HITPOINT WARNING * * *
You feel sick.
* * * LOW HITPOINT WARNING * * *
You feel sick.
Drink which item? (? for menu, Esc to quit)
Why would you want to do that?
* * * LOW HITPOINT WARNING * * *
You feel sick.
* * * LOW HITPOINT WARNING * * *
You feel sick.
Drink which item? (? for menu, Esc to quit)
Okay, then.
Read which item? (? for menu, Esc to quit)
As you read the scroll of fog, it crumbles to dust.
The scroll dissolves into smoke.
You die...

#.# #....#
##.#.#......#.#
#.# #.####
#.......###.#
#.# #.#
#.#####.# .#
#.# #.# #.#
#.###.... #.#
#.# #.#
#........ ..#
#.# #.#
#.####### ###
#.# #.#####.#
#.#
#§§.....#####
#.#
#@##........#
#.#
#§##.######.#
#.# #§##.#####
####§##.....#
..##§######.#
###
#.##.######.#
#..
#.##.....##.#
#.#
#.######.##.#
#.# #. #.#
#.##.# #.# #.


There were no monsters in sight!

Vanquished Creatures
  Terence (D:3)
  4 adders
  A worm (D:3)
  A giant gecko (D:1)
  8 bats
  2 giant cockroaches
  7 hobgoblins
  4 kobolds
  4 giant newts
  7 goblins
  6 jackals (D:3)
  A quokka (D:2)
  4 rats
50 creatures vanquished.

Notes
Turn   | Place    | Note
--------------------------------------------------------------
     0 | D:1      | sphynx the Hill Orc Fighter began the quest for the Orb.
     0 | D:1      | Reached XP level 1. HP: 19/19 MP: 1/1
   129 | D:2      | Reached XP level 2. HP: 13/27 MP: 2/2
   334 | D:1      | Reached skill level 4 in Shields
   427 | D:1      | Reached XP level 3. HP: 33/33 MP: 3/3
  1333 | D:2      | Reached XP level 4. HP: 31/40 MP: 4/4
  1678 | D:3      | Noticed Terence
  1798 | D:3      | Killed Terence
  1949 | D:3      | Found a stormy altar of Qazlal.
  2295 | D:3      | Noticed Sigmund
  2335 | D:3      | Gained mutation: You are partially covered in yellow scales (AC +2). [potion of mutation]
  2335 | D:3      | Gained mutation: You are resistant to hostile enchantments. [potion of mutation]
  2335 | D:3      | Gained mutation: You are somewhat resistant to further mutation. [potion of mutation]
  2352 | D:3      | HP: 2/41 [poisoned by Sigmund]
  2358 | D:3      | HP: 1/41 [poisoned by Sigmund]
  2361 | D:3      | Succumbed to Sigmund's poison

Action                   |  1- 3 |  4- 6 || total
-------------------------+-------+-------++-------
Melee: War axe           |   102 |    66 ||   168
 Abil: Evoke Flight      |       |     1 ||     1
  Use: Scroll            |     2 |     5 ||     7
       Potion            |     1 |     3 ||     4
  Eat: Chunk             |     1 |       ||     1
       Bread ration      |       |     2 ||     2
